 Dungeon Crawl Stone Soup version 0.27-a0-1193-g8631133539 (webtiles) character file.

Game seed: 17160784042130987019

151 Armakuni the Cudgeller (level 5, -2/39 HPs)
             Began as a Human Wanderer on May 26, 2021.
             Killed from afar by an orc wizard (7 damage)
             ... with a magic dart
             ... on level 4 of the Dungeon.
             The game lasted 00:05:36 (2000 turns).

Armakuni the Cudgeller (Human Wanderer)             Turns: 2000, Time: 00:05:36

Health: -2/39      AC:  5    Str: 10    XL:     5   Next: 59%
Magic:  9/9        EV: 11    Int: 13    God:
Gold:   96         SH:  0    Dex: 21    Spells: 7/10 levels left

rFire    . . .     SeeInvis .   a - +2 mace (protect)
rCold    . . .     Faith    .   (no shield)
rNeg     . . .     Spirit   .   g - +0 robe
rPois    .         Reflect  .   e - +0 helmet
rElec    .         Harm     .   (no cloak)
rCorr    .         Rampage  .   (no gloves)
Will     .....                  (no boots)
Stlth    +.........             (no amulet)
HPRegen  0.13/turn              D - +6 ring of dexterity
MPRegen  0.11/turn              (no ring)

@: confused, studying Spellcasting
A: iridescent scales 1
a: no special abilities


You were on level 4 of the Dungeon.
You visited 1 branch of the dungeon, and saw 5 of its levels.

You collected 96 gold pieces.

Inventory:

Hand Weapons
 a - a +2 mace of protection (weapon)
 b - a +0 hunting sling
Armour
 e - a +0 helmet (worn)
 g - a +0 robe (worn)
Jewellery
 D - a +6 ring of dexterity (left hand)
Wands
 k - a wand of flame (5)
Scrolls
 c - a scroll of identify
Potions
 f - a potion of mutation
 j - a potion of attraction


   Skills:
 - Level 2.7 Fighting
 - Level 4.8 Maces & Flails
 - Level 1.0 Stealth
 + Level 3.0 Spellcasting
 - Level 2.0 Conjurations
 - Level 2.0 Ice Magic
 - Level 1.0 Evocations


You had 7 spell levels left.
You knew the following spells:

 Your Spells              Type           Power      Damage    Failure   Level
a - Apportation           Tloc           2%         N/A       22%         1
z - Searing Ray           Conj           14%        3d3       16%         2

Your spell library contained the following spells:

 Spells                   Type           Power      Damage    Failure   Level
 Magic Dart               Conj           28%        1d4       10%         1
 Animate Skeleton         Necr           2%         N/A       22%         1
 Corona                   Hex            1%         N/A       22%         1
 Summon Small Mammal      Summ           4%         N/A       22%         1
 Dazzling Flash           Conj/Hex       8%         N/A       41%         3
 Fulminant Prism          Conj/Hex       2%         3d6       83%         4
 Iskenderun's Mystic Bla  Conj/Tloc      4%         2d3       83%         4


Dungeon Overview and Level Annotations

Branches:
Dungeon (5/15)
 Temple: D:4-7

Altars:


Innate Abilities, Weirdness & Mutations

You are partially covered in iridescent scales. (AC +2)


Message History

The puff of flame hits the orc wizard.
The orc wizard is almost dead.
The orc wizard closely misses you.
Unknown command.
Aiming: Throw Flame
Press: ? - help, Shift-Dir - straight line The puff of flame misses the orc wizard.
The puff of flame misses the orc.
The orc wizard points at you and mumbles some strange words.
You are confused.
You are too confused!
You bump into the rock wall.
The orc wizard hits you but does no damage.
Unknown command.
You barely miss the orc wizard.
The orc wizard is almost dead.
The orc wizard points at you and mumbles some strange words.
The puff of flame hits you!
You're too confused to move!
The orc wizard gestures at itself while chanting.
The orc wizard flickers and vanishes!
Deactivating autopickup; reactivate with Ctrl-A.
Okay, then.
You hear some strange, mumbled words.
A puff of flame appears from out of thin air!
The puff of flame hits you!
* * * LOW HITPOINT WARNING * * *
You feel less confused.
You hear some strange, mumbled words.
You are confused.
You bump into the rock wall.
You hear some strange, mumbled words.
Something tries to affect you, but you resist.
A puff of flame appears from out of thin air!
The puff of flame hits you.
* * * LOW HITPOINT WARNING * * *
Okay, then.
A magic dart appears from out of thin air!
The magic dart hits you!
You die...

#..#.....###....... ..
##o###.^...#........ ....
#..>........#.......
.....##{.#.......#.......
#....#..####.....#...#..(
........## #.........#..#
.........####.....##....#
...........###..###.....#
......#.@### ##.# #...<..
.........# ### ###....
.........# #....
........## ##.##
#.......# ### ####...
.... ##..#


You could see an orc.

Vanquished Creatures
  An orc priest (D:4)
  A jelly (D:4)
  An iguana (D:4)
  2 adders
  A gnoll (D:1)
  An adder skeleton (D:4)
  2 worms
  An orc (D:3)
  2 endoplasms
  4 goblins
  A hobgoblin (D:1)
  4 jackals (D:1)
  2 quokkas
  5 ball pythons
  A bat (D:1)
  3 kobolds
  3 rats
35 creatures vanquished.

Vanquished Creatures (others)
  11 plants (D:3)
11 creatures vanquished.

Grand Total: 46 creatures vanquished

Notes
Turn   | Place    | Note
-------+----------+-------------------------------------------
     0 | D:1      | Armakuni the Human Wanderer began the quest for the Orb.
     0 | D:1      | Armakuni set off with the following items: a +2 mace, a +0
                  | shortbow, 28 arrows, a potion of lignification, a +0 robe
     0 | D:1      | Reached XP level 1. HP: 15/15 MP: 2/2
   166 | D:1      | Reached XP level 2. HP: 20/21 MP: 3/3
   172 | D:1      | Learned a level 2 spell: Searing Ray
   480 | D:1      | Gained mutation: You are partially covered in iridescent
                  | scales. (AC +2) [potion of mutation]
   487 | D:1      | Reached XP level 3. HP: 26/27 MP: 4/4
   680 | D:1      | Found a faded altar of an unknown god.
  1404 | D:2      | Reached XP level 4. HP: 32/34 MP: 5/5
  1406 | D:2      | Learned a level 1 spell: Apportation
  1720 | D:4      | Identified a scroll of acquirement
  1720 | D:4      | Acquired a manual of Spellcasting
  1836 | D:4      | Reached skill level 1 in Conjurations
  1929 | D:5      | Entered Level 5 of the Dungeon
  1961 | D:4      | Reached XP level 5. HP: 39/39 MP: 6/8
  2000 | D:4      | Killed from afar by an orc wizard

Illustrated notes

Levels and vault maps discovered:
D:1:      minmay_arrival_widening_spiral_wide, layout_basic,
          basic_ecumenical_altar, serial_bayou, serial_bayou_pond_d,
          serial_bayou_lake_a, serial_bayou_ford_a, serial_bayou_pond_d,
          nrook_mini_vaults, grunt_decor_one_mirror
D:2:      layout_rooms, minmay_misc_feat_pillars, uniq_sigmund
D:3:      layout_rooms, serial_bayou_pond_c
D:4:      layout_cave_pools, kennysheep_another_room, patterned_corridor
D:5:      layout_rooms, corexii_checkpoint_b, chequers_serial_rivers_micro_c,
          guppyfry_early_lair_pool, uniq_blork_the_orc

Skill      XL: |  1  2  3  4  5 |
---------------+----------------+-----
Fighting       | 2 |  2.7
Conjurations   | 1 2 |  2.0
Spellcasting   | 2 3 |  3.0
Maces & Flails | |  4.8
Stealth        | |  1.0
Ice Magic      | |  2.0
Evocations     | |  1.0

Action                   |  1- 3 |  4- 6 || total
-------------------------+-------+-------++-------
Melee: Mace              |    49 |    39 ||    88
Evoke: Wand              |       |    16 ||    16
  Use: Potion            |     2 |       ||     2
       Scroll            |     1 |     5 ||     6
 Stab: Sleeping          |     1 |       ||     1
Armor: Robe              |     7 |    10 ||    17
       Skin              |     9 |       ||     9
Dodge: Dodged            |    21 |    16 ||    37

Table legend: (Time is in decaauts)
 A = Elapsed time spent in this place.
 B = Non-inter-level travel time spent in this place.
 C = Inter-level travel time spent in this place.
 D = Time resting spent in this place.
 E = Time spent auto-exploring this place.
 F = Levels seen in this place.
 G = Mean time per level.
                   A        B        C        D        E       F      G
               +--------+--------+--------+--------+--------+-----+--------+
         Total |   2067 |   2007 |     60 |    543 |    905 |   5 |  413.4 |
       Dungeon |   2067 |   2007 |     60 |    543 |    905 |   5 |  413.4 |
               +--------+--------+--------+--------+--------+-----+--------+

Top non-repeatable levels by time:
     D:1: 1249 daAuts
     D:4: 300 daAuts
     D:2: 274 daAuts
     D:3: 231 daAuts
     D:5: 11 daAuts
